AoeStats
← DavidFe

African Clearing

510299294Analyzed
4v4 RM · 19h ago on Sep 30, 2026· 37m 26s· 8 players
Game mode
Random Map
Map size
Large (8 player)
Population
200
Speed
Normal
Resources
Standard
Victory
Conquest
Starting age
Dark Age
Ending age
Imperial Age
RankedLock teamsTeams togetherTeam positionsShared explorationLock speedFull tech treeHidden civsTurbo modeCheats
Victory
Defeat
🇨🇳 Hindustanis · China
1099
+9
🇨🇳 Berbers · China
1061
+11
🇨🇳 Vietnamese · China
790
+21
🇦🇷 Teutons · Argentina
748
+24
🇪🇸 Persians · Spain
962
-18
🇨🇳 Danes · China
956
-17
🇨🇳 Magyars · China
918
-16
🇪🇸 Italians · Spain
875
-14
HH
8:08 Loom
13:53 Feudal Age
16:23 Double-Bit Axe
17:49 Horse Collar
18:41 Bloodlines
26:46 Castle Age
26:46 Scale Barding Armor
30:16 Heavy Plow
31:47 Wheelbarrow
32:16 Chain Barding Armor
32:52 Corvinian Army
36:15 Bow Saw
37:43 Hand Cart
anit
4:57 Loom
13:33 Feudal Age
15:26 Horse Collar
17:10 Double-Bit Axe
19:35 Castle Age
17:56 Stone Mining
19:00 Arson
21:01 Stone Shaft Mining
23:57 Bow Saw
23:50 Heavy Plow
26:28 Fletching
27:40 Bodkin Arrow
27:48 Gold Mining
29:49 Elite Skirmisher
30:31 Padded Archer Armor
32:19 Forging
34:46 Thumb Ring
35:13 Leather Archer Armor
DavidFe
14:17 Loom
16:04 Feudal Age
22:10 Castle Age
20:31 Double-Bit Axe
21:36 Stone Mining
23:35 Bow Saw
29:04 Wheelbarrow
33:41 Horse Collar
35:18 Fletching
Karlos
13:52 Feudal Age
13:59 Loom
16:18 Wheelbarrow
18:26 Scale Barding Armor
22:20 Horse Collar
26:13 Castle Age
24:47 Forging
25:53 Double-Bit Axe
28:49 Bow Saw
28:57 Gold Mining
29:22 Stone Mining
30:54 Stone Shaft Mining
31:01 Gold Shaft Mining
老徐
12:10 Feudal Age
13:01 Double-Bit Axe
17:26 Castle Age
17:34 Padded Archer Armor
18:22 Bow Saw
18:47 Fletching
19:03 Loom
19:01 Horse Collar
21:26 Wheelbarrow
24:58 Bodkin Arrow
29:06 Husbandry
32:01 Ballistics
31:54 Bloodlines
32:20 Leather Archer Armor
34:18 Gold Mining
34:18 Stone Mining
36:37 Hand Cart
39:16 Imperial Age
38:02 Kasbah
无语
15:45 Feudal Age
17:17 Double-Bit Axe
19:36 Castle Age
18:00 Horse Collar
21:19 Wheelbarrow
20:59 Bow Saw
20:50 Crossbowman
30:31 Fletching
34:07 Hand Cart
33:39 Loom
36:27 Bodkin Arrow
36:32 Padded Archer Armor
Master Noob
12:24 Feudal Age
15:57 Double-Bit Axe
19:17 Fletching
21:16 Loom
28:38 Castle Age
27:16 Gold Mining
27:18 Stone Mining
27:37 Stone Mining
28:15 Horse Collar
29:50 Bodkin Arrow
31:24 Stone Shaft Mining
31:01 Bow Saw
33:57 Wheelbarrow
33:08 Town Watch
33:51 Heavy Plow
37:11 Hand Cart
Otto der Große
4:29 Loom
13:42 Feudal Age
17:16 Castle Age
16:00 Double-Bit Axe
15:56 Horse Collar
18:25 Bow Saw
25:23 Wheelbarrow
24:55 Heavy Plow
24:47 Gold Mining
24:47 Stone Mining
30:01 Imperial Age
28:13 Stone Mining
28:58 Gold Shaft Mining
28:46 Bloodlines
29:07 Scale Barding Armor
30:02 Husbandry
30:20 Heavy Camel Rider
31:10 Bloodlines
32:26 Two-Man Saw
32:23 Hand Cart
32:33 Forging
33:19 Stone Shaft Mining
33:19 Gold Shaft Mining
33:01 Imperial Camel Rider
34:46 Iron Casting
34:52 Chain Barding Armor
35:34 Conscription
35:15 Grand Trunk Road
37:15 Blast Furnace
37:24 Plate Barding Armor
Connection lost

Rejoining the realm…

Still unreachable

The connection could not be restored.

Session expired

The server has moved on; the page needs a fresh start.